 Dungeon Crawl Stone Soup version 0.28-a0-94-g325244837d (webtiles) character file.

Game seed: 7156920712739250384

394 Mozzess the Chopper (level 6, -12/53 HPs)
             Began as a Hill Orc Fighter on Aug 7, 2021.
             Mangled by an ogre (19 damage)
             ... on level 5 of the Dungeon.
             The game lasted 00:09:10 (5098 turns).

Mozzess the Chopper (Hill Orc Fighter)              Turns: 5098, Time: 00:09:11

Health: -12/53     AC:  8    Str: 21    XL:     6   Next: 81%
Magic:  6/6        EV:  7    Int:  8    God:
Gold:   129        SH:  9    Dex: 10    Spells: 5/5 levels left

rFire   . . .      SeeInvis .   a - +0 war axe
rCold   . . .      Faith    .   c - +0 kite shield
rNeg    . . .      Spirit   .   b - +0 scale mail
rPois   .          Reflect  .   (no helmet)
rElec   .          Harm     .   (no cloak)
rCorr   .          Rampage  .   i - +0 pair of gloves
Will    .....                   (no boots)
Stlth   ..........              (no amulet)
HPRegen 0.17/turn               (no ring)
MPRegen 0.10/turn               (no ring)

@: lit by a corona, glowing
A: no striking features
a: no special abilities


You were on level 5 of the Dungeon.
You visited 1 branch of the dungeon, and saw 5 of its levels.

You collected 129 gold pieces.

Inventory:

Hand Weapons
 a - a +0 war axe (weapon)
 j - a +0 spear
 k - a +0 short sword
Armour
 b - a +0 scale mail (worn)
 c - a +0 kite shield (worn)
 i - a +0 pair of gloves (worn)
Scrolls
 e - 3 scrolls of identify {unknown}
 f - a scroll of brand weapon {unknown}
 g - a scroll of blinking {unknown}
 h - a scroll of teleportation {unknown}
 m - a scroll of noise {unknown}
 n - a scroll of immolation {unknown}
 o - a scroll of fear {unknown}
Potions
 d - a potion of might
 l - a potion of haste {unknown}
 p - a potion of ambrosia {unknown}
 q - a potion of curing {unknown}


   Skills:
 + Level 4.3 Fighting
 + Level 6.4 Axes
 + Level 4.8 Armour
 + Level 0.8 Dodging
 + Level 0.6 Stealth
 + Level 4.4 Shields


You had 5 spell levels left.
You didn't know any spells.
Your spell library was empty.

Dungeon Overview and Level Annotations

Branches:
Dungeon (5/15)
 Temple: D:4-7

Altars:


Message History

You block the gnoll's attack.
You slash the gnoll!
The gnoll is almost dead.
You hit the gnoll shaman. You block the gnoll shaman's attack.
You block the gnoll's attack. The gnoll hits you but does no damage.
You slash the gnoll!
You kill the gnoll!
You hit the gnoll shaman.
The gnoll shaman hits you but does no damage.
You block the gnoll's attack. You block the ogre's attack.
You barely miss the gnoll shaman.
The gnoll shaman is moderately wounded.
You barely miss the ogre. You block the gnoll shaman's attack.
The gnoll closely misses you. You block the ogre's attack.
The gnoll shaman barely misses you. The gnoll hits you but does no damage.
You hit the gnoll shaman.
The gnoll shaman is heavily wounded.
You slash the ogre! The gnoll shaman closely misses you.
You block the gnoll's attack. The ogre barely misses you.
You hit the gnoll shaman.
The gnoll shaman is severely wounded.
You hit the ogre.
The gnoll shaman invokes the aid of its god against you.
You are outlined in light.
The gnoll hits you from afar with a +0 spear.
You block the ogre's attack. The gnoll shaman barely misses you.
You hit the gnoll shaman.
You kill the gnoll shaman!
Your shield and scale mail prevent you from hitting the ogre.
You block the gnoll's attack. The ogre hits you with a +0 giant club!
* * * LOW HITPOINT WARNING * * *
You block the gnoll's attack.
You barely miss the ogre.
The ogre is heavily wounded.
You block the ogre's attack. The gnoll hits you but does no damage.
Unknown command.
The ogre barely misses you. The gnoll closely misses you.
The ogre hits you with a +0 giant club!!
You die...

....<......###..
#...........###...
.............##..#
.................#.........
..........#.###<# .........
......##)#####..##.........
....###).g####...#...........
...# #....g......##..........
.## ##....O@.....#..........
#.......#..............
######..#..............
###...............
##........##....
##......###..##
####...#.#...# ##..#...<##
#.......##


You could see an ogre and 2 gnolls.

Vanquished Creatures
  A necrophage (D:4)
  A scorpion (D:5)
  A wyvern skeleton (D:5)
  A centaur skeleton (D:4)
  A gnoll shaman (D:5)
  2 gnolls (D:5)
  6 adders
  An adder skeleton (D:4)
  2 worms
  3 dart slugs
  An orc (D:4)
  2 bats (D:1)
  5 endoplasms
  4 goblins
  5 hobgoblins
  A jackal (D:1)
  A quokka (D:4)
  4 ball pythons
  2 frilled lizards
  5 kobolds
  5 rats
54 creatures vanquished.

Notes
Turn   | Place    | Note
-------+----------+-------------------------------------------
     0 | D:1      | Mozzess the Hill Orc Fighter began the quest for the Orb.
     0 | D:1      | Reached XP level 1. HP: 19/19 MP: 1/1
   212 | D:1      | Reached XP level 2. HP: 22/27 MP: 2/2
  1306 | D:2      | Reached skill level 3 in Axes
  1306 | D:2      | Reached XP level 3. HP: 10/33 MP: 3/3
  2568 | D:2      | Reached XP level 4. HP: 40/40 MP: 4/4
  2826 | D:3      | Found a faded altar of an unknown god.
  3813 | D:4      | Reached skill level 4 in Axes
  4009 | D:4      | Reached XP level 5. HP: 39/46 MP: 5/5
  4095 | D:4      | Noticed a necrophage
  4109 | D:4      | Killed a necrophage
  4110 | D:4      | Reached skill level 5 in Axes
  4833 | D:5      | Entered Level 5 of the Dungeon
  4847 | D:5      | Reached XP level 6. HP: 39/52 MP: 6/6
  5028 | D:5      | Reached skill level 6 in Axes
  5098 | D:5      | Mangled by an ogre

Illustrated notes

Levels and vault maps discovered:
D:1:      minmay_arrival_loop, layout_basic, serial_aquarium,
          aquarium_bridge_straight [aquarium_subvault_bridge,
          aquarium_subvault_window, aquarium_subvault_bridge,
          aquarium_subvault_wall], aquarium_window_1, aquarium_window_fake,
          aquarium_window_corner, aquarium_window_2, aquarium_view_2d,
          aquarium_balcony_double_2, minmay_tromino_v7
D:2:      layout_basic, serial_shops, shop
D:3:      layout_basic, minitemple, hellmonk_ecumenical_altar_zigzags,
          minmay_misc_feat_pillars, lemuel_another_geyser
D:4:      layout_basic, minmay_quantized
D:5:      gammafunk_wand_slinger, layout_cave_pools, grunt_tough_drop

Skill      XL: |  1  2  3  4  5  6 |
---------------+-------------------+-----
Axes           | 3 4 5 6 |  6.4
Fighting       | 4 |  4.3
Armour         | 4 |  4.8
Shields        | 4 |  4.4
Dodging        | |  0.8
Stealth        | |  0.6

Action                   |  1- 3 |  4- 6 || total
-------------------------+-------+-------++-------
Melee: War axe           |    99 |    87 ||   186
Armor: Scale mail        |    72 |    44 ||   116
Dodge: Dodged            |    42 |    28 ||    70
Block: Kite shield       |    70 |    58 ||   128

Table legend: (Time is in decaauts)
 A = Elapsed time spent in this place.
 B = Non-inter-level travel time spent in this place.
 C = Inter-level travel time spent in this place.
 D = Time resting spent in this place.
 E = Time spent auto-exploring this place.
 F = Levels seen in this place.
 G = Mean time per level.
                   A        B        C        D        E       F      G
               +--------+--------+--------+--------+--------+-----+--------+
         Total |   5195 |   5195 |      0 |   2958 |      0 |   5 | 1039.0 |
       Dungeon |   5195 |   5195 |      0 |   2958 |      0 |   5 | 1039.0 |
               +--------+--------+--------+--------+--------+-----+--------+

Top non-repeatable levels by time:
     D:2: 1567 daAuts
     D:1: 1252 daAuts
     D:4: 1052 daAuts
     D:3: 1047 daAuts
     D:5: 276 daAuts
